Map: Dusk Towers

Players

FinnsoN - Winner!

  • Race: Terran Terran
  • League: Master

eagle

  • Race: Protoss Protoss
  • League: Master

VOD

Have the link to the VOD?

Description

Time

  • Played on: July 10, 2016, 3:58 p.m.
  • Length: 12:50
Show
View Real Time Build Order
Export as new Build Order

FinnsoN Terran - Winner!

Build Orders: MMM Bio 

Get SALT Encoding   

  12  0:00  SCV  
  13  0:12  SCV  
  14  0:17  Supply Depot  
  14  0:24  SCV  
  15  0:39  SCV  
  15  0:41  Barracks  
  16  0:46  Refinery  
  16  0:51  SCV  
  17  1:03  SCV  
  18  1:15  SCV  
  19  1:27  Orbital Command  
  19  1:29  Barracks Reactor  
  19  1:43  Command Center  
  19  1:50  Supply Depot  
  19  1:54  SCV  
  20  2:06  SCV  
  20  2:08  Marine x2  
  22  2:14  Factory  
  23  2:18  SCV  
  24  2:26  Marine x2  
  26  2:31  SCV  
  27  2:43  SCV, Marine  
  27  2:44  Marine  
  30  2:55  SCV  
  30  2:56  Orbital Command  
  31  2:59  Widow Mine, Starport  
  31  3:01  Marine x2  
  35  3:08  SCV  
  36  3:12  Supply Depot  
  36  3:20  Marine x2  
  36  3:21  SCV  
  36  3:23  SCV  
  40  3:28  Widow Mine  
  40  3:33  SCV  
  43  3:35  Supply Depot, SCV  
  43  3:37  Marine  
  43  3:38  Marine, Medivac  
  48  3:45  SCV  
  48  3:47  SCV  
  50  3:54  Engineering Bay  
  50  3:55  Marine  
  50  3:56  Marine  
  50  3:57  SCV  
  50  3:59  Supply Depot  
  53  4:03  SCV  
  54  4:10  Command Center  
  54  4:15  Marine x2  
  56  4:20  SCV  
  56  4:21  SCV  
  58  4:28  Barracks  
  58  4:29  Barracks  
  58  4:32  SCV, Refinery  
  58  4:34  Starport Reactor  
  58  4:37  Terran Infantry Weapons Level 1  
  59  4:39  Marine  
  59  4:40  Marine  
  59  4:41  Refinery  
  59  4:43  SCV  
  62  4:46  SCV  
  63  4:55  SCV  
  63  4:57  Marine  
  63  4:58  Marine, SCV  
  67  5:14  Marine, Medivac  
  65  5:16  Barracks Tech Lab x2  
  65  5:19  SCV  
  65  5:20  SCV  
  68  5:25  Barracks  
  68  5:27  Marine, Orbital Command  
  69  5:29  Medivac  
  69  5:30  Barracks  
  69  5:31  SCV  
  69  5:32  SCV  
  73  5:36  Marine x2  
  73  5:37  Stimpack  
  73  5:41  Supply Depot  
  73  5:42  Supply Depot  
  75  5:44  SCV, Refinery  
  75  5:45  SCV  
  75  5:46  Missile Turret  
  75  5:47  Missile Turret  
  75  5:49  Combat Shields  
  77  5:56  SCV  
  80  5:57  Marauder  
  80  6:01  SCV  
  80  6:03  Marine x2  
  83  6:05  SCV, Medivac  
  83  6:08  SCV  
  87  6:18  SCV  
  86  6:22  SCV, Orbital Command  
  86  6:24  Marauder  
  86  6:25  Marauder, Barracks Tech Lab x2  
  91  6:26  Barracks Reactor  
  91  6:32  SCV  
  92  6:33  Terran Infantry Armor Level 1  
  92  6:38  SCV  
  92  6:39  Engineering Bay  
  93  6:42  Missile Turret  
  93  6:43  Marauder  
  93  6:44  Marine x2, SCV  
  93  6:45  Marine  
  93  6:46  Marauder  
  101  6:51  Supply Depot, Concussive Shells  
  101  6:52  Supply Depot, SCV  
  101  6:53  SCV  
  103  6:54  Medivac  
  103  6:56  Factory Reactor  
  103  6:58  SCV  
  106  7:03  Supply Depot  
  106  7:05  SCV  
  106  7:06  Supply Depot  
  107  7:11  Marauder x2  
  107  7:13  SCV  
  112  7:17  SCV, Armory  
  112  7:19  SCV  
  114  7:29  SCV  
  115  7:32  Marine  
  115  7:33  Marauder x2, Refinery x2  
  115  7:34  Starport  
  115  7:35  Marine x3, Marauder  
  125  7:42  Supply Depot  
  125  7:45  Supply Depot, SCV  
  125  7:46  Supply Depot  
  125  7:47  Medivac  
  125  7:50  Marine  
  129  7:53  Marine  
  129  7:54  Marine x2, Marauder  
  120  7:59  Marine x2  
  108  8:07  Marine  
  108  8:08  SCV  
  108  8:09  Liberator x2  
  108  8:11  Marine  
  108  8:12  Marine x2  
  111  8:15  Marine  
  111  8:17  Marine x2  
  109  8:23  Starport Reactor  
  109  8:25  Marine  
  114  8:27  Barracks  
  114  8:28  Marine, Barracks  
  114  8:29  Supply Depot, SCV, Fusion Core  
  114  8:33  Marauder  
  118  8:35  Marauder  
  118  8:38  Missile Turret  
  118  8:39  Missile Turret  
  120  8:43  Liberator x2  
  120  8:47  Marine  
  120  8:48  Marauder  
  123  8:50  Command Center  
  123  8:53  SCV  
  123  8:54  Terran Infantry Weapons Level 2  
  130  9:03  SCV x2  
  130  9:05  Liberator  
  130  9:08  Supply Depot  
  130  9:09  Supply Depot  
  132  9:10  SCV, Terran Infantry Armor Level 2  
  132  9:15  Liberator  
  136  9:25  Marine x2  
  136  9:26  Marine x2  
  136  9:27  Marine  
  143  9:32  Liberator  
  143  9:34  SCV  
  143  9:35  Barracks Reactor, Barracks Tech Lab  
  145  9:41  Missile Turret  
  145  9:42  Missile Turret x2  
  145  9:45  Missile Turret  
  145  9:46  Terran Ship Weapons Level 1  
  145  9:47  Widow Mine x2, Marauder, Missile Turret  
  145  9:48  Marine, Missile Turret  
  155  9:57  Marine x3  
  158  10:03  Marine, Marauder x2  
  158  10:05  Marine  
  161  10:09  Marauder, Liberator x2  
  161  10:13  Marine  
  163  10:14  Marine  
  163  10:17  Marine  
  163  10:18  Marine x2  
  163  10:19  Liberator  
  167  10:21  Marauder  
  167  10:23  Marine  
  167  10:25  Marauder x2  
  175  10:30  Marauder  
  175  10:31  Marine  
  175  10:32  Marine  
  175  10:33  Ghost Academy  
  177  10:36  Barracks  
  179  10:47  Marine x2  
  179  10:49  Marine x2  
  183  10:51  Widow Mine x2  
  183  10:53  Marine x3  
  190  11:05  Marine x3  
  190  11:06  Marine  
  190  11:07  Marauder  
  196  11:11  Marauder  
  196  11:16  Marine x3  
  198  11:19  Widow Mine  
  198  11:23  Marauder  
  198  11:25  Marauder  
  193  11:27  Viking x2  
  193  11:30  Marine x3  
  193  11:32  Viking  
  197  11:42  Viking  
  197  11:46  Marine x2  
  192  11:48  Marine x2  
  192  11:49  Marine x2  
  192  11:52  Marine x3  
  166  11:59  Medivac  
  166  12:01  Planetary Fortress  
  166  12:06  Barracks Tech Lab  
  166  12:11  Barracks  
  166  12:12  Medivac  
  166  12:15  Marine  
  165  12:19  Marine  
  165  12:22  Marine  
  162  12:23  Marine  
  162  12:24  Marauder  
  167  12:31  Marine  
Show
View Real Time Build Order
Export as new Build Order

eagle Protoss 

Build Orders: 1 Gate Expand 

Get SALT Encoding   

  12  0:00  Probe (Chrono Boost)  
  13  0:11  Probe (Chrono Boost)  
  14  0:17  Pylon  
  14  0:22  Probe (Chrono Boost)  
  16  0:35  Probe (Chrono Boost)  
  16  0:37  Gateway  
  16  0:42  Assimilator  
  16  0:46  Probe (Chrono Boost)  
  18  0:57  Probe (Chrono Boost)  
  18  1:07  Probe (Chrono Boost)  
  19  1:19  Nexus  
  19  1:22  Probe (Chrono Boost)  
  20  1:33  Cybernetics Core  
  20  1:36  Probe (Chrono Boost)  
  21  1:42  Assimilator  
  21  1:46  Probe (Chrono Boost)  
  22  1:53  Pylon  
  22  1:57  Probe (Chrono Boost)  
  23  2:11  Adept  
  23  2:12  Mothership Core (Chrono Boost), Warp Gate  
  27  2:31  Robotics Facility  
  27  2:32  Probe (Chrono Boost)  
  27  2:33  Probe (Chrono Boost)  
  29  2:42  Probe (Chrono Boost)  
  29  2:43  Probe (Chrono Boost)  
  31  2:53  Probe (Chrono Boost)  
  31  2:56  Probe (Chrono Boost)  
  34  3:05  Probe (Chrono Boost)  
  34  3:07  Probe (Chrono Boost)  
  34  3:09  Gateway x2  
  35  3:16  Probe x2 (Chrono Boost)  
  35  3:19  Warp Prism  
  39  3:23  Sentry (Chrono Boost)  
  41  3:27  Probe  
  41  3:29  Probe  
  41  3:32  Pylon  
  43  3:39  Probe (Chrono Boost)  
  43  3:40  Probe (Chrono Boost)  
  44  3:44  Twilight Council  
  45  3:54  Probe x2 (Chrono Boost)  
  47  3:57  Pylon  
  47  4:05  Probe (Chrono Boost)  
  47  4:06  Observer  
  47  4:08  Probe (Chrono Boost)  
  50  4:13  Nexus  
  50  4:15  Probe (Chrono Boost)  
  50  4:16  Pylon  
  51  4:17  Probe (Chrono Boost)  
  51  4:21  Blink (Chrono Boost)  
  52  4:26  Sentry x2  
  56  4:32  Probe  
  56  4:38  Pylon  
  57  4:39  Probe  
  57  4:42  Observer  
  59  4:45  Assimilator  
  59  4:47  Assimilator  
  59  4:48  Pylon  
  59  4:49  Pylon  
  59  4:53  Adept x3  
  59  4:57  Probe  
  66  5:13  Probe, Immortal  
  68  5:15  Probe  
  69  5:27  Gateway  
  69  5:28  Probe  
  70  5:31  Gateway  
  70  5:32  Probe  
  70  5:33  Probe, Gateway  
  72  5:44  Probe  
  72  5:47  Forge x2  
  73  5:55  Stalker x2  
  73  5:56  Probe  
  78  5:58  Probe  
  78  6:02  Charge (Chrono Boost)  
  78  6:03  Probe  
  78  6:04  Stalker  
  81  6:09  Probe  
  77  6:18  Stalker  
  77  6:19  Stalker, Probe  
  77  6:20  Protoss Ground Weapons Level 1 (Chrono Boost)  
  77  6:22  Probe  
  81  6:26  Protoss Ground Armor Level 1 (Chrono Boost)  
  81  6:33  Warp Prism  
  81  6:35  Probe x2  
  81  6:36  Probe  
  86  6:43  Photon Cannon  
  86  6:47  Photon Cannon  
  86  6:49  Stalker  
  88  6:54  Robotics Bay  
  88  6:56  Stalker, Probe  
  88  6:58  Probe  
  92  7:02  Probe  
  92  7:08  Probe  
  92  7:10  Probe  
  92  7:13  Robotics Facility  
  92  7:14  Stalker x2, Probe  
  99  7:20  Pylon  
  99  7:28  Probe  
  99  7:29  Pylon  
  100  7:30  Zealot x3  
  100  7:32  Pylon  
  100  7:34  Colossus (Chrono Boost)  
  106  7:39  Extended Thermal Lance (Chrono Boost)  
  112  7:56  Zealot  
  112  7:57  Zealot x4  
  100  8:21  Zealot x4  
  100  8:24  Probe x2  
  110  8:29  Colossus (Chrono Boost), Nexus, Probe  
  110  8:30  Pylon, Colossus (Chrono Boost)  
  110  8:31  Assimilator  
  110  8:32  Pylon  
  110  8:33  Assimilator  
  117  8:39  Protoss Ground Weapons Level 2 (Chrono Boost)  
  123  8:49  Zealot x3  
  123  8:54  Photon Cannon  
  129  9:03  Zealot x3  
  129  9:05  Protoss Ground Armor Level 2 (Chrono Boost)  
  135  9:13  Templar Archives  
  135  9:15  Stalker x3  
  141  9:24  Pylon  
  141  9:25  Colossus  
  141  9:26  Pylon  
  141  9:31  Stargate  
  147  9:36  Gateway  
  147  9:38  Gateway  
  147  9:40  Gateway  
  147  9:41  Probe  
  148  9:47  Stalker x2  
  148  9:49  Sentry x2  
  156  9:57  Zealot x2  
  160  10:01  Colossus  
  157  10:12  Zealot x2  
  162  10:18  Colossus  
  162  10:20  Stargate  
  160  10:22  Zealot x2  
  160  10:25  Zealot x2  
  158  10:36  Stalker x2  
  156  10:42  Stalker  
  156  10:43  Stalker, Probe  
  160  10:55  Photon Cannon  
  152  10:57  Immortal  
  156  11:12  Immortal  
  156  11:16  Stalker x2  
  156  11:17  Stalker  
  164  11:31  Zealot x3  
  164  11:32  Zealot x2  
  172  11:34  Oracle  
  153  11:50  Zealot x4  
  111  11:56  Stalker x2  
  109  12:02  Stalker x2  
  113  12:11  Stalker x2  
  118  12:26  Zealot x3  
  118  12:27  Zealot  
  122  12:34  Fleet Beacon  
  117  12:37  Adept  
  87  12:44  Zealot x3  
Tags
 
Add a new tag
Caveats
  • Supply blocks, unpowered buildings, or Contaminate may cause inaccurate times.
  • Supply counts are checked every 10 seconds.